 Dungeon Crawl Stone Soup version 0.31-a0-542-gdc2a67831c (webtiles) character file.

Game seed: 11771136255394228399

44 Mickster the Conjurer (level 3, -6/19 HPs)
             Began as a Deep Elf Conjurer on Aug 14, 2023.
             Was a Follower of Wu Jian.
             Mangled by an orc
             ... wielding a +0 hand axe
              (7 damage)
             ... on level 2 of the Dungeon.
             The game lasted 00:08:25 (384 turns).

Mickster the Conjurer (Deep Elf Conjurer)            Turns: 384, Time: 00:08:26

Health: -6/19      AC:  3    Str:  6    XL:     3   Next: 41%
Magic:  1/9        EV: 12    Int: 22    God:    Wu Jian [*.....]
Gold:   33         SH:  0    Dex: 13    Spells: 5/8 levels left

rFire   . . .        e - +0 dagger
rCold   . . .        (no shield)
rNeg    . . .        a - +0 robe
rPois   .            (no helmet)
rElec   .            (no cloak)
rCorr   .            (no gloves)
SInv    .            f - +0 pair of boots
Will    .....        (no amulet)
Stlth   ++           (no ring)
HPRegen 0.23/turn    (no ring)
MPRegen 0.11/turn

%: no passive effects
@: no status effects
A: no striking features
a: Renounce Religion


You were on level 2 of the Dungeon.
You worshipped Wu Jian.
Wu Jian was aware of your devotion.
You visited 1 branch of the dungeon, and saw 2 of its levels.

You collected 33 gold pieces.

Inventory:

Hand Weapons
 e - a +0 dagger (weapon)
Missiles
 d - 8 stones
Armour
 a - a +0 robe (worn)
 f - a +0 pair of boots (worn)
Potions
 b - a potion of magic
 c - 2 potions of brilliance {unknown}


   Skills:
 + Level 2.6 Dodging
 + Level 2.5 Stealth
 + Level 3.1 Spellcasting
 + Level 5.6 Conjurations


You had 5 spell levels left.
You knew the following spells:

 Your Spells              Type           Power      Damage    Failure   Level
a - Magic Dart            Conj           100%       1d8       1%          1
b - Searing Ray           Conj           56%        2d6       1%          2

Your spell library contained the following spells:

 Spells                   Type           Power      Damage    Failure   Level
 Dazzling Flash           Conj/Hex       30%        N/A       12%         3
 Fulminant Prism          Conj/Hex       7%         3d7       36%         4
 Iskenderun's Mystic Bla  Conj/Tloc      15%        2d5       36%         4


Dungeon Overview and Level Annotations

Branches:
Dungeon (1/15)

Altars:
Dithmenos
Wu Jian


Message History

You hit the orc priest.
The orc priest is severely wounded.
The orc barely misses you. The orc priest hits you with a +0 club.
You hit the orc priest but do no damage.
The orc priest is severely wounded.
The orc priest calls down the wrath of Beogh upon you.
Pain shoots through your body!
* * * LOW HITPOINT WARNING * * *
The orc hits you with a +0 hand axe.
* * * LOW HITPOINT WARNING * * *
Casting: Magic Dart (safe; 1% risk of failure)
Confirm with . or Enter, or press ? or * to list all spells.
Aiming: Magic Dart (safe; 1% risk of failure)
Press: ? - help, Shift-Dir - straight line, f/p - orc priest
Aim: an orc priest, wielding a +0 club and wearing an amulet of magic regeneration (severely wounded, 100% to hit)
The magic dart hits the orc priest.
You kill the orc priest!
The Council accepts your kill. The orc hits you but does no damage.
Your Conjurations skill increases to level 5!
You have reached level 3!
Your experience leads to an increase in your attributes!
Increase (S)trength, (I)ntelligence, or (D)exterity?
You feel stronger. x2
Casting: Magic Dart (safe; 1% risk of failure)
Confirm with . or Enter, or press ? or * to list all spells.
You don't have enough magic to cast this spell.
You barely miss the orc. The orc hits you but does no damage.
You closely miss the orc. The orc barely misses you.
You barely miss the orc. The orc barely misses you.
You closely miss the orc. The orc closely misses you.
You barely miss the orc. The orc hits you with a +0 hand axe.
* * * LOW HITPOINT WARNING * * *
You hit the orc.
The orc is moderately wounded.
The orc closely misses you.
You hit the orc.
The orc is severely wounded.
The orc hits you with a +0 hand axe!
You die...

..###.. #####..
....... ..... #.....
...... #.....
######.....#
#.....###.......#..#
#....oJ##.......#..#
#o##.......#..#
#@##.......#..#
#.##...._..#..#
#.###......#..#
#.###.........#
#.........###...#
#####.....# ###...
#......... ..#
#....##.## ## ######
...


You could see 2 orcs and an endoplasm.

Vanquished Creatures
  An orc priest (D:2)
  An adder (D:2)
  An orc (D:2)
  An endoplasm (D:2)
  A goblin (D:1)
  A kobold (D:1)
  A bat (D:1)
7 creatures vanquished.

Notes
Turn   | Place    | Note
-------+----------+-------------------------------------------
     0 | D:1      | Mickster the Deep Elf Conjurer began the quest for the Orb.
     0 | D:1      | Reached XP level 1. HP: 10/10 MP: 6/6
   148 | D:1      | Found a faded altar of an unknown god.
   158 | D:1      | Prayed at the altar of an unknown god.
   158 | D:1      | Became a worshipper of the Wu Jian Council
   158 | D:1      | Reached * piety under Wu Jian
   274 | D:1      | You fall into a shaft and drop 1 floor!
   276 | D:2      | Found a shadowy altar of Dithmenos.
   283 | D:2      | Reached XP level 2. HP: 15/15 MP: 1/8
   350 | D:2      | Learned a level 2 spell: Searing Ray
   377 | D:2      | Reached skill level 5 in Conjurations
   377 | D:2      | Reached XP level 3. HP: 2/19 MP: 0/9
   384 | D:2      | Mangled by an orc

Illustrated notes

Levels and vault maps discovered:
D:1:      wander_arrival_peaceful_grave, layout_basic,
          dilly_ecumenical_altar_fadedgnrine, minmay_fountain_box,
          kennysheep_nondescript
D:2:      layout_basic, basic_altar, serial_shops, shop, minmay_quadrilaterals

Skill      XL: |  1  2 |
---------------+-------+-----
Conjurations   | 5 |  5.6
Dodging        | |  2.6
Stealth        | |  2.5
Spellcasting   | |  3.1

Action                     || total
---------------------------++-------
  Melee: Dagger            ||     9
   Cast: Magic Dart        ||    12
         Searing Ray       ||     1
 Armour: Robe              ||     3
  Dodge: Dodged            ||    11

Table legend: (Time is in decaauts)
 A = Elapsed time spent in this place.
 B = Non-inter-level travel time spent in this place.
 C = Inter-level travel time spent in this place.
 D = Time resting spent in this place.
 E = Time spent auto-exploring this place.
 F = Levels seen in this place.
 G = Mean time per level.
                   A        B        C        D        E       F      G
               +--------+--------+--------+--------+--------+-----+--------+
         Total |    383 |    346 |     37 |     59 |      0 |   2 |  191.5 |
       Dungeon |    383 |    346 |     37 |     59 |      0 |   2 |  191.5 |
               +--------+--------+--------+--------+--------+-----+--------+

Top non-repeatable levels by time:
     D:1: 273 daAuts
     D:2: 109 daAuts
